 Dungeon Crawl Stone Soup version 0.19-a0-994-g3c636f0 (webtiles) character file.

42 HAL9000 the Sneak (level 3, 0/19 HPs)
             Began as a Vine Stalker Assassin on July 16, 2016.
             Slain by a gnoll
             ... wielding a +0 spear
              (1 damage)
             ... on level 2 of the Dungeon.
             The game lasted 00:01:48 (592 turns).

HAL9000 the Sneak (Vine Stalker Assassin)            Turns: 592, Time: 00:01:49

Health: 0/19       AC:  3    Str: 13    XL:     3   Next: 54%
Magic:  0/4        EV: 11    Int: 12    God:
Gold:   52         SH:  0    Dex: 15    Spells: 0 memorised, 2 levels left

rFire  . . .     SeeInvis .     a - +2 dagger
rCold  . . .     Gourm    .     c - +0 robe
rNeg   . . .     Faith    .     (no shield)
rPois  .         Spirit   +     (no helmet)
rElec  .         Dismiss  .     d - +0 cloak
rCorr  .         Reflect  .     (no gloves)
SustAt .         Harm     .     (no boots)
MR     .....                    (no amulet)
Stlth  +++.......               (no ring)
                                (no ring)

@: not resistant to hostile enchantments, fairly stealthy
A: fangs 2, regeneration 1, magic shield, antimagic bite, no device heal 3, rot
immunity
a: no special abilities


You were on level 2 of the Dungeon.
You were not hungry.

You visited 1 branch of the dungeon, and saw 2 of its levels.

You collected 52 gold pieces.

Inventory:

Hand Weapons
 a - a +2 dagger (weapon)
 b - a +0 blowgun
Missiles
 e - 22 poisoned needles
 f - 2 curare-tipped needles
Armour
 c - a +0 robe (worn)
 d - a +0 cloak (worn)
Scrolls
 i - 2 scrolls of fear {unknown}
 k - a scroll of remove curse {unknown}
 l - a scroll of identify {unknown}
 n - 2 scrolls of noise {unknown}
Potions
 h - a potion of brilliance {unknown}
 j - 2 potions of mutation {unknown}
 m - 2 potions of haste {unknown}
Comestibles
 g - a bread ration


   Skills:
 + Level 2.5 Fighting
 * Level 2.8 Short Blades
 - Level 1.7 Throwing
 - Level 0.7 Dodging
 - Level 4.8 Stealth


You had 2 spell levels left.
You didn't know any spells.

Dungeon Overview and Level Annotations

Branches:
Dungeon (2/15)

Altars:


Innate Abilities, Weirdness & Mutations

You have extremely sharp teeth.
Your natural rate of healing is unusually fast.
When hurt, damage is shared between your health and your magic reserves.
Your bite disrupts and absorbs the magic of your enemies.
Potions and wands cannot restore your health.
You are immune to rotting.


Message History

You feel invigorated.
The giant cockroach is almost dead.
The giant cockroach bites you.
You barely miss the giant cockroach.
The giant cockroach is almost dead.
The giant cockroach barely misses you. The gnoll closely misses you.
Unknown command.
You hit the giant cockroach.
You kill the giant cockroach!
The gnoll hits you from afar with a spear.
You miss the kobold. Your bite misses the kobold. The kobold hits you.
You completely miss the kobold.
The gnoll hits you from afar with a spear!
* * * LOW HITPOINT WARNING * * *
The kobold hits you.
* * * LOW HITPOINT WARNING * * *
You hit the kobold. You bite the kobold, but do no damage.
The kobold is moderately wounded.
The gnoll hits you from afar with a spear.
You die...

#..)........#.#.#.[####..... ..#
..............(.)..##...#.# #.#
#.#....)................#.# #.#
..#...##..#........##.#.#.####.##
# #.$..........###.#...........#.
.....###.#.#g.# #.##.#......#.#.
....#$# #.#.##.# #...........#.#.
....#.###.....g######.#........#.
...............K@.# ###......#.#.
#<#.#.############# #......#.#.
#......#.#. #<.....#.#.
##.....#.#. #.....#.#. ####....#.
#.#.### #########.#....


You could see a gnoll and a kobold.

Vanquished Creatures
  An ooze (D:1)
  A worm (D:2)
  8 giant cockroaches
  6 goblins
  2 hobgoblins
  3 bats
  A giant newt (D:1)
  7 kobolds
  4 rats (D:1)
33 creatures vanquished.

Notes
Turn   | Place    | Note
-------+----------+-------------------------------------------
     0 | D:1      | HAL9000 the Vine Stalker Assassin began the quest for the Orb.
     0 | D:1      | Reached XP level 1. HP: 11/11 MP: 2/2
   200 | D:1      | Reached XP level 2. HP: 12/15 MP: 3/3
   343 | D:1      | Reached XP level 3. HP: 16/19 MP: 4/4
   592 | D:2      | Slain by a gnoll

Vault maps used:
D:1:      dpeg_arrival_lava_temple_mockup
D:2:      yredelemnul_forgotten_temple_becter, led_sif_pool,
          minmay_goblin_kobold_house

Skill      XL: |  1 |
---------------+----+-----
Short Blades   | 2 |  2.8
Fighting       | 2 |  2.5
Throwing       | |  1.7
Dodging        | |  0.7
Stealth        | |  4.8

Action                   || total
-------------------------++-------
Melee: Dagger            ||    81
       Bite              ||    20
 Stab: Sleeping          ||     8
       Distracted        ||     1
Armor: Robe              ||    20
Dodge: Dodged            ||    38
